AoeStats
← GAX | Urubu

Black Forest

509144550Analyzed
4v4 RM · 7d ago on Sep 25, 2026· 47m 4s· 8 players
Game mode
Random Map
Map size
Large (8 player)
Population
200
Speed
Normal
Resources
Standard
Victory
Conquest
Starting age
Dark Age
Ending age
Imperial Age
RankedLock teamsTeams togetherTeam positionsShared explorationLock speedFull tech treeHidden civsTurbo modeCheats
Victory
Defeat
🇨🇿 Bohemians · Czechia
1769
+12
🇨🇿 Danes · Czechia
1720
+14
🇨🇿 Japanese · Czechia
1690
+16
🇨🇿 Cumans · Czechia
1626
+18
🇮🇹 Persians · Italy
1800
-19
🇯🇵 Lithuanians · Japan
1722
-17
🇲🇽 Malay · Mexico
1631
-13
🇧🇷 Spanish · Brazil
1575
-11
Voskarius
10:05 Feudal Age
10:58 Double-Bit Axe
14:34 Horse Collar
20:05 Castle Age
20:00 Wheelbarrow
19:14 Loom
20:04 Wheelbarrow
23:15 Heavy Plow
23:33 Bow Saw
23:39 Hand Cart
27:24 Imperial Age
25:59 Scale Barding Armor
25:51 Gold Mining
26:24 Bloodlines
28:00 Chain Barding Armor
27:31 Cavalier
29:21 Plate Barding Armor
28:46 Capped Ram
30:21 Forging
30:58 Paladin
33:00 Iron Casting
33:09 Siege Ram
34:09 Devotion
35:20 Blast Furnace
35:56 Crop Rotation
36:57 Gold Shaft Mining
37:23 Masonry
38:59 Two-Man Saw
42:38 Guilds
44:00 Caravan
Elladai
7:04 Loom
9:19 Feudal Age
9:59 Double-Bit Axe
10:44 Horse Collar
19:15 Castle Age
18:59 Wheelbarrow
20:35 Bow Saw
20:36 Heavy Plow
21:50 Hand Cart
24:18 Stone Mining
26:51 Town Watch
30:16 Imperial Age
29:20 Padded Archer Armor
29:10 Fletching
29:54 Ballistics
29:55 Husbandry
30:06 Bloodlines
30:25 Thumb Ring
31:55 Bodkin Arrow
33:06 Chemistry
32:25 Leather Archer Armor
32:51 Conscription
33:20 Bracer
34:11 Parthian Tactics
34:50 Kataparuto
34:54 Siege Engineers
36:42 Masonry
36:13 Treadmill Crane
37:46 Heavy Cavalry Archer
40:54 Ring Archer Armor
40:57 Yasama
40:48 Arrowslits
40:54 Guard Tower
42:41 Caravan
43:11 Coinage
44:46 Hoardings
Ovenka
5:49 Loom
9:47 Feudal Age
13:39 Wheelbarrow
12:57 Double-Bit Axe
13:26 Horse Collar
16:50 Town Watch
21:22 Castle Age
20:01 Fletching
28:30 Bow Saw
29:51 Heavy Plow
32:07 Hand Cart
36:48 Imperial Age
34:45 Scale Mail Armor
34:55 Forging
37:19 Chemistry
35:44 Pikeman
36:24 Squires
36:09 Arson
37:08 Halberdier
38:08 Chain Mail Armor
38:28 Iron Casting
37:40 Houfnice
39:42 Plate Mail Armor
41:38 Blast Furnace
41:47 Conscription
41:38 Siege Engineers
45:01 Wagenburg Tactics
45:30 Masonry
45:20 Bodkin Arrow
alesh
5:03 Loom
8:46 Feudal Age
11:00 Town Watch
11:26 Double-Bit Axe
14:54 Fletching
21:51 Castle Age
22:28 Bodkin Arrow
22:11 Crossbowman
24:15 Bow Saw
33:54 Imperial Age
31:30 Gold Mining
31:51 Horse Collar
32:51 Wheelbarrow
34:01 Onager
35:46 Northmen's Fury
37:08 Siege Onager
38:29 Caravan
39:41 Conscription
39:51 Siege Engineers
42:05 Heavy Plow
42:51 Hand Cart
Rule xLEIRAx13
7:02 Loom
11:49 Feudal Age
12:36 Horse Collar
16:07 Castle Age
14:39 Double-Bit Axe
22:15 Husbandry
24:43 Scale Barding Armor
25:48 Heavy Plow
27:11 Bow Saw
27:27 Gold Mining
28:46 Wheelbarrow
33:09 Imperial Age
30:51 Forging
30:04 Man-at-Arms
30:51 Town Watch
31:27 Hand Cart
31:33 Hand Cart
30:51 Long Swordsman
31:34 Squires
32:20 Iron Casting
31:41 Arson
31:55 Two-Handed Swordsman
34:11 Blast Furnace
34:12 Crop Rotation
34:27 Conscription
34:12 Forced Levy
33:49 Pikeman
34:37 Fletching
34:59 Masonry
34:43 Halberdier
35:20 Bodkin Arrow
36:56 Chemistry
OS+ | 青田龙
3:51 Loom
10:29 Feudal Age
10:46 Man-at-Arms
13:54 Double-Bit Axe
15:18 Horse Collar
19:22 Wheelbarrow
22:56 Castle Age
21:24 Gold Mining
22:02 Town Watch
24:06 Bow Saw
25:53 Heavy Plow
26:31 Wheelbarrow
27:36 Gold Shaft Mining
27:23 Hand Cart
29:02 Stone Mining
30:48 Gold Shaft Mining
31:11 Ballistics
31:02 Masonry
34:59 Imperial Age
33:36 Caravan
34:48 Scale Barding Armor
34:46 Padded Archer Armor
36:23 Chemistry
35:45 Ballistics
35:45 Leather Archer Armor
35:36 Scale Barding Armor
34:58 Onager
36:42 Chain Barding Armor
36:33 Forging
36:43 Guilds
37:50 Two-Man Saw
37:22 Crop Rotation
37:48 Stone Shaft Mining
37:47 Architecture
37:15 Murder Holes
38:21 Conscription
40:21 Ring Archer Armor
43:35 Pikeman
44:15 Squires
44:53 Iron Casting
45:48 Coinage
47:06 Plate Barding Armor
47:32 Blast Furnace
GAX | Urubu
6:47 Loom
9:19 Feudal Age
9:57 Double-Bit Axe
13:10 Horse Collar
20:49 Castle Age
19:40 Stone Mining
20:54 Bloodlines
26:28 Padded Archer Armor
33:01 Wheelbarrow
35:43 Imperial Age
35:17 Leather Archer Armor
34:53 Fletching
34:30 Elite Skirmisher
36:58 Ring Archer Armor
36:54 Conscription
37:20 Bodkin Arrow
39:20 Chemistry
Kiyomizu-dera
11:09 Feudal Age
12:35 Double-Bit Axe
15:27 Castle Age
13:24 Horse Collar
14:57 Scale Barding Armor
15:07 Loom
23:17 Sanctity
25:14 Redemption
26:44 Bow Saw
28:05 Wheelbarrow
29:58 Hand Cart
33:50 Imperial Age
31:41 Forging
31:32 Gold Mining
31:48 Heavy Plow
32:49 Chain Barding Armor
32:51 Bloodlines
32:46 Husbandry
32:42 Stone Mining
33:47 Iron Casting
34:58 Conscription
35:21 Plate Barding Armor
34:25 Elite Leitis
41:00 Caravan
44:14 Fletching
Connection lost

Rejoining the realm…

Still unreachable

The connection could not be restored.

Session expired

The server has moved on; the page needs a fresh start.